 Dungeon Crawl Stone Soup version 0.19-a0-854-gc78d25d (webtiles) character file.

74 Implojin the Chopper (level 4, 0/39 HPs)
             Began as a Minotaur Fighter on July 1, 2016.
             Slain by Grinder (2 damage)
             ... on level 3 of the Dungeon.
             The game lasted 00:00:55 (131 turns).

Implojin the Chopper (Minotaur Fighter)              Turns: 131, Time: 00:00:55

Health: 0/39       AC: 11    Str: 20    XL:     4   Next: 10%
Magic:  3/3        EV:  3    Int:  5    God:
Gold:   0          SH:  9    Dex: 11    Spells: 0 memorised, 3 levels left

rFire  . . .     SeeInvis .     a - +0 war axe
rCold  . . .     Gourm    .     i - +0 plate armour
rNeg   . . .     Faith    .     c - +0 shield
rPois  .         Spirit   .     (helmet restricted)
rElec  .         Dismiss  .     (no cloak)
rCorr  .         Reflect  .     (no gloves)
SustAt .         Harm     .     (no boots)
MR     .....                    (no amulet)
Stlth  ..........               (no ring)
                                (no ring)

@: not resistant to hostile enchantments, extremely unstealthy
A: retaliatory headbutt, horns 2
a: no special abilities


You were on level 3 of the Dungeon.
You were not hungry.

You visited 1 branch of the dungeon, and saw 3 of its levels.

Inventory:

Hand Weapons
 a - a +0 war axe (weapon)
Missiles
 g - 2 throwing nets (quivered)
Armour
 b - a +0 scale mail
 c - a +0 shield (worn)
 i - a +0 plate armour (worn)
Wands
 d - a wand of flame (0/48)
Scrolls
 e - a scroll of fear {unknown}
 h - a scroll of identify {unknown}
Potions
 j - a potion of cure mutation {unknown}
Comestibles
 f - a bread ration


   Skills:
 - Level 3.6 Fighting
 * Level 5.3 Axes
 - Level 3.6 Armour
 - Level 3.6 Shields


You had 3 spell levels left.
You didn't know any spells.

Dungeon Overview and Level Annotations

Branches:
Dungeon (3/15)

Altars:
Makhleb
Vehumet

Annotations:
D:3 Grinder


Innate Abilities, Weirdness & Mutations

You reflexively headbutt those who attack you in melee.
You have a pair of horns on your head.


Message History

You slash Grinder!
Grinder is moderately wounded.
Grinder hits you. You block Grinder's attack.
You hit Grinder but do no damage. Your headbutt misses Grinder.
Grinder is moderately wounded.
Grinder gestures at you. Pain shoots through your body!
You barely miss Grinder.
Grinder is moderately wounded.
You block Grinder's attack.
You hit Grinder. Your headbutt misses Grinder.
Grinder is heavily wounded.
Grinder hits you.
You writhe in agony.
* * * LOW HITPOINT WARNING * * *
Unknown command.
You barely miss Grinder. You headbutt Grinder.
Grinder is heavily wounded.
Grinder hits you!
* * * LOW HITPOINT WARNING * * *
You writhe in agony.
* * * LOW HITPOINT WARNING * * *
You block Grinder's attack.
Okay, then.
You closely miss Grinder.
Grinder is heavily wounded.
Grinder blinks!
You block Grinder's attack.
Unknown command.
You completely miss Grinder. You headbutt Grinder, but do no damage.
Grinder is heavily wounded.
Grinder gestures at you. Pain shoots through your body!
* * * LOW HITPOINT WARNING * * *
Unknown command.
You slash Grinder! You headbutt Grinder!
Grinder is almost dead.
Grinder hits you.
* * * LOW HITPOINT WARNING * * *
You writhe in agony. x2; Grinder hits you.
You die...

.# .# #.#
#.# #.#
#.#####.#
#.....5.#
#.#######@.#
...........#
#.#######..#
#.## #.# #.#
... #.# #.#


You could see Grinder.

Vanquished Creatures
  A crimson imp (D:3)
  A hound (D:3)
  A giant gecko (D:3)
  A goblin (D:1)
  A hobgoblin (D:1)
  3 bats
8 creatures vanquished.

Notes
Turn   | Place    | Note
-------+----------+-------------------------------------------
     0 | D:1      | Implojin the Minotaur Fighter began the quest for the Orb.
     0 | D:1      | Reached XP level 1. HP: 19/19 MP: 0/0
    51 | D:3      | Found a radiant altar of Vehumet.
    51 | D:3      | Noticed a crimson imp
    52 | D:3      | Found a burning altar of Makhleb.
    52 | D:3      | Noticed a hound
    55 | D:3      | Killed a crimson imp
    55 | D:3      | Reached skill level 4 in Axes
    55 | D:3      | Reached XP level 2. HP: 21/26 MP: 1/1
    55 | D:3      | Reached XP level 3. HP: 25/31 MP: 2/2
    59 | D:3      | Reached skill level 5 in Axes
    59 | D:3      | Reached XP level 4. HP: 30/39 MP: 3/3
   110 | D:3      | Noticed Grinder
   131 | D:3      | Slain by Grinder

Vault maps used:
D:1:      tarquinn_simple_flora_water_d
D:2:      minmay_roachtagon, marbit_many_paths
D:3:      grunt_temple_overflow_lords_of_destruction, uniq_terence,
          uniq_crazy_yiuf_cottage, uniq_grinder

Skill      XL: |  1  2  3 |
---------------+----------+-----
Axes           | 4 5 |  5.3
Fighting       | |  3.6
Armour         | |  3.6
Shields        | |  3.6

Action                   |  1- 3 |  4- 6 || total
-------------------------+-------+-------++-------
Melee: War axe           |     9 |    13 ||    22
       Headbutt          |     2 |     5 ||     7
  Use: Potion            |     1 |       ||     1
Armor: Scale mail        |     3 |     2 ||     5
       Plate armour      |       |     1 ||     1
Dodge: Dodged            |     4 |       ||     4
Block: Shield            |     7 |    11 ||    18

Table legend:
 A = Turns spent in this place as a percentage of turns spent in the entire game.
 B = Non-inter-level travel turns spent in this place as a percentage of non-inter-level travel turns spent in the entire game.
 C = Inter-level travel turns spent in this place as a percentage of turns spent in this place.
 D = Turns resting spent in this place as a percentage of non-inter-level travel turns spent in this place.
 E = Turns spent auto-exploring this place as a percentage of non-inter-level travel turns spent in this place.
 F = Non-inter-level travel turns spent in this place divided by the number of levels of this place that you've seen.
                   A       B       C       D       E      F
               +-------+-------+-------+-------+-------+----------------------
         Total | 100.0 | 100.0 |   0.0 |   0.0 |   0.0 |  42.7
       Dungeon | 100.0 | 100.0 |   0.0 |   0.0 |   0.0 |  42.7
               +-------+-------+-------+-------+-------+----------------------

Table legend:
 A = Kills in this place as a percentage of kills in entire the game.
 B = Kills by you in this place as a percentage of kills by you in the entire game.
 C = Kills by friends in this place as a percentage of kills by friends in the entire game.
 D = Other kills in this place as a percentage of other kills in the entire game.
 E = Experience gained in this place as a percentage of experience gained in the entire game.
 F = Experience gained in this place divided by the number of levels of this place that you have seen.
                   A       B       C       D       E      F
               +-------+-------+-------+-------+-------+----------------------
         Total | 100.0 | 100.0 |  -nan |  -nan | 100.0 |  35.7
       Dungeon | 100.0 | 100.0 |  -nan |  -nan | 100.0 |  35.7
               +-------+-------+-------+-------+-------+----------------------
